 Dungeon Crawl Stone Soup version 0.29.0-4-gdea44cf6ec (webtiles) character file.

Game seed: 1147775796508829402

562 qw the Chopper (level 7, 0/41 HPs)
             Began as a Tengu Warper on Aug 28, 2022.
             Slain by a gnoll sergeant
             ... wielding a +5 spear of flaming
              (2 damage)
             ... on level 5 of the Dungeon.
             The game lasted 00:00:21 (4046 turns).

qw the Chopper (Tengu Warper)                       Turns: 4046, Time: 00:00:22

Health: 0/41       AC: 17    Str: 14    XL:     7   Next: 31%
Magic:  11/11      EV: 12    Int: 13    God:
Gold:   10         SH:  0    Dex: 19    Spells: 10/10 levels left

rFire   . . .      SeeInvis .   Y - +0 war axe (protect)
rCold   . . .      Faith    .   (no shield)
rNeg    . . .      Spirit   .   a - +0 scale mail
rPois   .          Reflect  .   (helmet restricted)
rElec   .          Harm     .   (no cloak)
rCorr   .          Rampage  .   (no gloves)
Will    .....                   (boots unavailable)
Stlth   ..........              (no amulet)
HPRegen 0.13/turn               j - +4 ring of protection
MPRegen 0.12/turn               k - +6 ring of dexterity

@: under a protective aura, flying quickly and evasively, quick
A: beak, talons 3, nimble flight, MP-powered wands
a: no special abilities


You were on level 5 of the Dungeon.
You visited 1 branch of the dungeon, and saw 5 of its levels.

You collected 202 gold pieces.
You spent 192 gold pieces at shops.


Innate Abilities, Weirdness & Mutations

You have a beak for a mouth.
You have claws for feet.
Your magical nature lets you fly swiftly and evasively.
You expend magic power (3 MP) to strengthen your wands.


   Skills:
 - Level 3.6 Fighting
 + Level 7.4 Axes
 - Level 1.0 Throwing
 - Level 1.1 Armour
 - Level 3.3 Dodging
 - Level 2.0 Spellcasting
 - Level 2.4 Translocations


You had 10 spell levels left.
You didn't know any spells.
Your spell library contained the following spells:

 Spells                   Type           Power      Damage    Failure   Level
 Blink                    Tloc           14%        N/A       54%         2
 Gell's Gravitas          Tloc           7%         N/A       77%         3
 Lesser Beckoning         Tloc           7%         N/A       77%         3
 Teleport Other           Tloc           7%         N/A       77%         3
 Manifold Assault         Tloc           7%         N/A       100%        5

Inventory:

Hand Weapons
 f - a +0 flail
 Y - a +0 war axe of protection (weapon)
Missiles
 l - a javelin (quivered)
Armour
 a - a +0 scale mail (worn)
Jewellery
 j - a +4 ring of protection (left hand)
 k - a +6 ring of dexterity (right hand)
Scrolls
 h - a scroll of identify
Potions
 b - 4 potions of heal wounds
 d - a potion of degeneration {unknown}
 e - a potion of lignification {unknown}
 g - 4 potions of curing
 i - a potion of haste {unknown}

Dungeon Overview and Level Annotations

Branches:
Dungeon (5/15)
 Temple: D:4-7

Altars:

Shops:
D:4 !


Message History

You drop a potion of invisibility.
Done exploring.
(D) Dungeon
Where to? (* - list waypoints, Enter - D:4, ? - help)
What level of the Dungeon? (default 1, ? - help)
There is a stone staircase leading up here.
There is a stone staircase leading down here.
You fly downwards.
There is a stone staircase leading up here.
Existing waypoints: (1) D:4 (2) D:3 Assign waypoint to what number? (0-9, D - delete waypoint) Waypoint 2 re-assigned from D:3 to D:5.
Found a stone staircase leading down.
Found a potion of attraction.
You see here a potion of attraction.
A gnoll sergeant and 2 gnolls come into view.
The gnoll sergeant is wielding a +5 spear of flaming.
The gnoll sergeant shouts!
The gnoll shouts!
The gnoll hits you from afar with a +0 spear.
The gnoll closely misses you. The gnoll hits you with a +0 spear!
The gnoll sergeant hits you but does no damage.
You hit the gnoll.
Your weapon exudes an aura of protection.
You claw the gnoll!
The gnoll is severely wounded.
The gnoll barely misses you. x2
The gnoll sergeant hits you from afar with a +5 spear of flaming!
The gnoll sergeant burns you.
You slash the gnoll!
You kill the gnoll!
The gnoll barely misses you.
The gnoll sergeant hits you from afar with a +5 spear of flaming.
The gnoll sergeant burns you.
A gnoll comes into view. It is wielding a +0 spear.
The gnoll shouts!
The gnoll hits you with a +0 halberd.
The gnoll sergeant hits you with a +5 spear of flaming!
The gnoll sergeant burns you.
You die...

#. #.
#. #g
#. #.
#g####
#g@..#
####.#
#.#
#.#
#.#
#.#
#.#
####.#
#....#


You could see a gnoll sergeant and 2 gnolls.

Vanquished Creatures
  An ogre (D:4)
  A scorpion (D:4)
  4 wights (D:4)
  A hound (D:4)
  Jessica (D:2)
  An iguana (D:4)
  4 adders
  2 gnolls
  A worm (D:4)
  5 orcs (D:4)
  3 bats
  7 endoplasms
  4 giant cockroaches
  11 goblins
  5 hobgoblins
  3 jackals (D:2)
  A quokka (D:2)
  8 ball pythons
  3 frilled lizards
  7 kobolds
  5 rats
78 creatures vanquished.

Vanquished Creatures (others)
  6 fungi (D:2)
  3 plants (D:2)
9 creatures vanquished.

Grand Total: 87 creatures vanquished

Notes
Turn   | Place    | Note
-------+----------+-------------------------------------------
     0 | D:1      | qw the Tengu Warper began the quest for the Orb.
     0 | D:1      | Reached XP level 1. HP: 12/12 MP: 4/4
     0 | D:1      | 0 ||| qw: Version: 0.1-a-89-g26bdef1
     0 | D:1      | 0 ||| qw: Game counter: 600
     0 | D:1      | 0 ||| qw: Always use a shield: true
     0 | D:1      | 0 ||| qw: God list: Okawaru
     0 | D:1      | 0 ||| qw: Allow faded altars: false
     0 | D:1      | 0 ||| qw: Do Orc after D:15 true
     0 | D:1      | 0 ||| qw: Do second Lair branch before Depths: true
     0 | D:1      | 0 ||| qw: Lair rune preference: random
     0 | D:1      | 0 ||| qw: Plans: Normal
     0 | D:1      | 0 ||| PLANNING D:1-11
   289 | D:1      | Reached skill level 3 in Axes
   289 | D:1      | Reached XP level 2. HP: 16/17 MP: 6/6
   633 | D:1      | 633 ||| Stepping ~*~*~tactically~*~*~ (stealth).
   637 | D:1      | 637 ||| Stepping ~*~*~tactically~*~*~ (stealth).
   638 | D:1      | 638 ||| Stepping ~*~*~tactically~*~*~ (stealth).
   736 | D:1      | Reached XP level 3. HP: 21/21 MP: 7/7
   915 | D:1      | Reached skill level 4 in Axes
   927 | D:1      | 927 ||| Stepping ~*~*~tactically~*~*~ (stealth).
   928 | D:1      | 928 ||| Stepping ~*~*~tactically~*~*~ (stealth).
   929 | D:1      | 929 ||| Stepping ~*~*~tactically~*~*~ (stealth).
   973 | D:1      | 973 ||| Stepping ~*~*~tactically~*~*~ (stealth).
  1205 | D:1      | 1205 ||| UPGRADING to +0 ring mail.
  1215 | D:1      | 1215 ||| DROPPING +0 leather armour.
  1216 | D:1      | 1216 ||| READING scroll labelled FOEBONW PAGINK.
  1217 | D:1      | 1217 ||| READING 2 scrolls labelled QICOCL EDED.
  1218 | D:1      | 1218 ||| READING scroll labelled YGGACE WASK.
  1219 | D:1      | 1219 ||| READING scroll labelled NOASTUTELY.
  1220 | D:1      | 1220 ||| DRINKING 2 murky emerald potions.
  1220 | D:1      | Gained mutation: You are frail. (-10% HP) [potion of
                  | mutation]
  1221 | D:1      | 1221 ||| DRINKING potion of mutation.
  1221 | D:1      | Lost mutation: You are frail. (-10% HP) [potion of
                  | mutation]
  1221 | D:1      | Gained mutation: You expend magic power (3 MP) to
                  | strengthen your wands. [potion of mutation]
  1257 | D:1      | 1257 ||| DROPPING scroll of blinking.
  1258 | D:1      | 1258 ||| DROPPING scroll of vulnerability.
  1273 | D:2      | 1273 ||| STAIRDANCE
  1380 | D:2      | 1380 ||| SWAPPING to +0 war axe.
  1382 | D:2      | 1382 ||| DROPPING +0 hand axe.
  1617 | D:2      | Reached XP level 4. HP: 8/26 MP: 8/8
  1618 | D:2      | HP: 6/26 [poisoned by an adder]
  1795 | D:2      | 1795 ||| Stepping ~*~*~tactically~*~*~ (stealth).
  1796 | D:2      | 1796 ||| Stepping ~*~*~tactically~*~*~ (stealth).
  2151 | D:2      | Noticed Jessica
  2155 | D:2      | Killed Jessica
  2156 | D:2      | Reached skill level 5 in Axes
  2334 | D:2      | Found a faded altar of an unknown god.
  2398 | D:2      | 2398 ||| UPGRADING to +4 ring of protection.
  2399 | D:2      | 2399 ||| READING scroll labelled PENANU ZEHUCW.
  2400 | D:2      | 2400 ||| READING scroll labelled MEEKHI QAQIORHA.
  2401 | D:2      | 2401 ||| READING scroll labelled LAZUDEC SIPNUE.
  2402 | D:2      | 2402 ||| READING scroll labelled KAYJYO ICRA.
  2403 | D:2      | 2403 ||| READING scroll labelled PAPTAT ZOSEBLI.
  2404 | D:2      | 2404 ||| DRINKING 2 fuming cyan potions.
  2516 | D:3      | Gained mutation: Your magical nature lets you fly swiftly
                  | and evasively. [Tengu growth]
  2516 | D:3      | Reached XP level 5. HP: 30/30 MP: 9/9
  2980 | D:3      | 2980 ||| UPGRADING to +6 ring of dexterity.
  2981 | D:3      | 2981 ||| DRINKING 2 fizzy sapphire potions.
  2982 | D:3      | 2982 ||| DRINKING 3 golden potions.
  2983 | D:3      | 2983 ||| DRINKING 3 fuming dark potions.
  3084 | D:3      | 3084 ||| DROPPING potion of attraction.
  3085 | D:3      | 3085 ||| DROPPING 2 potions of ambrosia.
  3151 | D:4      | Reached skill level 6 in Axes
  3243 | D:4      | 3243 ||| Stepping ~*~*~tactically~*~*~ (stealth).
  3245 | D:4      | 3245 ||| Stepping ~*~*~tactically~*~*~ (stealth).
  3254 | D:4      | Reached skill level 3 in Dodging
  3254 | D:4      | Reached XP level 6. HP: 31/35 MP: 10/10
  3300 | D:4      | Reached skill level 7 in Axes
  3367 | D:4      | 3367 ||| Stepping ~*~*~tactically~*~*~ (stealth).
  3372 | D:4      | Reached skill level 3 in Fighting
  3372 | D:4      | Reached XP level 7. HP: 41/41 MP: 11/11
  3441 | D:4      | Found Naleec's Distillery.
  3445 | D:4      | 3445 ||| Stepping ~*~*~tactically~*~*~ (stealth).
  3448 | D:4      | 3448 ||| Stepping ~*~*~tactically~*~*~ (stealth).
  3466 | D:4      | 3466 ||| DROPPING +0 whip.
  3470 | D:4      | 3470 ||| BUYING 2 potions of heal wounds (120 gold).
  3470 | D:4      | Bought 2 potions of heal wounds for 120 gold pieces
  3470 | D:4      | 3470 ||| SHOPLISTING 2 potions of resistance (240 gold,
                  | have 76).
  3470 | D:4      | 3470 ||| BUYING potion of curing (36 gold).
  3470 | D:4      | Bought a potion of curing for 36 gold pieces
  3470 | D:4      | 3470 ||| BUYING potion of curing (36 gold).
  3470 | D:4      | Bought a potion of curing for 36 gold pieces
  3659 | D:4      | 3659 ||| Stepping ~*~*~tactically~*~*~ (stealth).
  3977 | D:4      | 3977 ||| UPGRADING to +0 scale mail.
  3987 | D:4      | 3987 ||| DROPPING +0 ring mail.
  3988 | D:4      | 3988 ||| READING 2 scrolls of identify.
  3988 | D:4      | 3988 ||| IDENTIFYING gluggy clear potion
  3989 | D:4      | 3989 ||| DROPPING potion of invisibility.
  4007 | D:5      | Entered Level 5 of the Dungeon
  4046 | D:5      | HP: 9/41 [gnoll/+0 halberd[a gnoll sergeant] (3)]
  4046 | D:5      | HP: 2/41 [gnoll sergeant/+5 spear of flaming (7)]
  4046 | D:5      | Slain by a gnoll sergeant

Levels and vault maps discovered:
D:1:      lemuel_arrival_funnel, layout_loops_cross, patterned_corridor
D:2:      layout_rooms, shapermc_ecumenical_altar_mp_urbaneastern,
          grunt_ministairs_7, uniq_jessica
D:3:      layout_basic
D:4:      layout_loops_ring, serial_shops, nicolae_shop_crystal
D:5:      layout_loops_ring, mainiacjoe_overflow_catwalk_spiral,
          minmay_temple_entry_enclosed_plants, uniq_duvessa

Skill      XL: |  1  2  3  4  5  6 |
---------------+-------------------+-----
Axes           | 3 4 5 6 7 |  7.4
Dodging        | 3 |  3.3
Fighting       | 3 |  3.6
Throwing       | |  1.0
Armour         | |  1.1
Spellcasting   | |  2.0
Translocations | |  2.4

Action                   |  1- 3 |  4- 6 |  7- 9 || total
-------------------------+-------+-------+-------++-------
Melee: Hand axe          |    36 |       |       ||    36
       Kick              |     5 |    17 |     7 ||    29
       Peck              |     6 |    11 |     2 ||    19
       War axe           |    20 |    57 |    20 ||    97
       Punch             |     1 |       |       ||     1
Throw: Javelin           |    26 |     9 |     4 ||    39
       Boomerang         |     7 |       |       ||     7
  Use: Scroll            |     4 |     5 |     1 ||    10
       Potion            |     2 |     4 |       ||     6
Armor: Leather armour    |     4 |       |       ||     4
       Ring mail         |    18 |    16 |     2 ||    36
       Scale mail        |       |       |     1 ||     1
Dodge: Dodged            |    24 |    32 |    10 ||    66

Table legend:
 A = Non-vault XP
 B = Vault XP
 C = Vault XP percentage of total XP
 D = Non-vault monster count
 E = Vault monster count
 F = Vault count percentage of total count
                 A         B        C        D         E       F
            +---------+---------+-------+---------+---------+-------
      Total |     746 |      57 |   7.1 |      73 |       5 |   6.4
            +---------+---------+-------+---------+---------+-------
        D:1 |      57 |       0 |   0.0 |      27 |       0 |   0.0
        D:2 |      35 |      57 |  62.0 |      14 |       5 |  26.3
        D:3 |      34 |       0 |   0.0 |       7 |       0 |   0.0
        D:4 |     606 |       0 |   0.0 |      24 |       0 |   0.0
        D:5 |      14 |       0 |   0.0 |       1 |       0 |   0.0
            +---------+---------+-------+---------+---------+-------
